 Dungeon Crawl Stone Soup version 0.18.1-48-g4cf74bf (webtiles) character file.

67 MBI the Stinger (level 3, -5/27 HPs)
             Began as a Draconian Venom Mage on July 8, 2016.
             Killed from afar by Ijyb (11 damage)
             ... with a wand of flame
             ... on level 2 of the Dungeon.
             The game lasted 00:14:07 (2225 turns).

MBI the Stinger (Draconian Venom Mage)              Turns: 2225, Time: 00:14:08

Health: -5/27      AC:  5    Str: 10    XL:     3   Next: 98%
Magic:  1/6        EV: 18    Int: 16    God:
Gold:   102        SH:  0    Dex: 16    Spells: 1 memorised, 5 levels left

rFire  . . .     SeeInvis .     (no weapon)
rCold  . . .     Gourm    .     (armour unavailable)
rNeg   . . .     Faith    .     (no shield)
rPois  .         Spirit   .     (helmet restricted)
rElec  .         Dismiss  .     (no cloak)
rCorr  .         Reflect  .     (no gloves)
SustAt .         Harm     .     (no boots)
MR     .....                    (no amulet)
Stlth  +++.......               (no ring)
                                (no ring)

@: agile, not resistant to hostile enchantments, fairly stealthy
A: unfitting armour, cold-blooded, AC +5
a: no special abilities


You were on level 2 of the Dungeon.
You were not hungry.

You visited 1 branch of the dungeon, and saw 2 of its levels.

You collected 102 gold pieces.

Inventory:

Jewellery
 n - an uncursed ring of sustain attributes {unknown}
Scrolls
 c - 2 scrolls of fog {unknown}
 e - 2 scrolls of remove curse {unknown}
 g - a scroll of blinking {unknown}
 j - a scroll of noise {unknown}
 k - a scroll of random uselessness {unknown}
 l - a scroll of enchant weapon {unknown}
 m - a scroll of immolation {unknown}
Potions
 h - a potion of haste {unknown}
 i - a potion of beneficial mutation {unknown}
 o - a potion of lignification {unknown}
Books
 a - a Young Poisoner's Handbook

   Spells                             Type                      Level
   a - Sting                          Conjuration/Poison           1
   b - Cure Poison                    Poison                       2
   c - Mephitic Cloud                 Conjuration/Poison/Air       3
   d - Olgreb's Toxic Radiance        Poison                       4
   e - Venom Bolt                     Conjuration/Poison           5
Comestibles
 b - a bread ration
 f - a slice of pizza
 p - 2 chunks of flesh


   Skills:
 + Level 0.4 Fighting
 + Level 2.4 Dodging
 + Level 2.0 Stealth
 + Level 0.6 Unarmed Combat
 + Level 2.3 Spellcasting
 + Level 0.2 Conjurations
 + Level 4.6 Poison Magic


You had 5 spell levels left.
You knew the following spells:

 Your Spells              Type           Power        Failure   Level  Hunger
a - Sting                 Conj/Pois      #...         10%         1    #......


Dungeon Overview and Level Annotations

Branches:
Dungeon (2/15)

Altars:

Annotations:
D:2 Ijyb


Innate Abilities, Weirdness & Mutations

Your plain brown scales are hard (AC +5).
Your body does not fit into most forms of armour.
You are cold-blooded and may be slowed by cold attacks.


Message History

There is an open gate here.
Casting: Sting
Confirm with . or Enter, or press ? or * to list all spells.
Aiming: Sting
Press: ? - help, Shift-Dir - straight line, f/p - Ijyb
Aim: Ijyb, wielding a club, wearing a leather armour and carrying a wand of flame {zapped: 2} (moderately wounded, poisoned)
The sting hits Ijyb.
Ijyb appears unharmed.
Ijyb is moderately wounded.
Ijyb barely misses you. The goblin hits you but does no damage.
Ijyb zaps a wand.
The puff of flame hits you!
* * * LOW HITPOINT WARNING * * *
Things that are here:
a club; a goblin skeleton Ijyb looks more healthy.
Drink which item? (? for menu, Esc to quit)
It was a potion of agility.
You feel agile all of a sudden.
Ijyb screams, "It's all mine!"
Ijyb zaps a wand.
The puff of flame hits you!
You die...

#..≈≈ #.. ..#.#..#............
#..≈≈##[# #.#.#..#######)##.##
.≈≈≈#.###.#.#.............#
≈≈≈#.##.........#####.#..#
########≈≈.##..#.##...#####.#..#
.......#≈≈.##..#..........#.#..#
.......'...##g.#.....####.#.#..#
.......'...g...#..........#.#..##
.......'...###g#@########.#.#....
.......#≈≈## #.#........#........
########≈≈# #.g........#.###..##
≈≈≈## ##########.#.# #..# .≈≈≈#
### #### #..≈≈## #####


You could see Ijyb.

Vanquished Creatures
  A gnoll (D:1)
  4 dart slugs
  4 bats
  A giant cockroach (D:2)
  7 goblins
  7 hobgoblins
  6 jackals
  5 kobolds (D:1)
  A ball python (D:1)
  4 giant newts
  4 rats (D:1)
44 creatures vanquished.

Notes
Turn   | Place    | Note
--------------------------------------------------------------
     0 | D:1      | MBI the Draconian Venom Mage began the quest for the Orb.
     0 | D:1      | Reached XP level 1. HP: 14/14 MP: 3/3
   166 | D:1      | Reached XP level 2. HP: 12/20 MP: 3/5
   789 | D:1      | Reached XP level 3. HP: 26/26 MP: 3/6
  2191 | D:2      | Noticed Ijyb
  2225 | D:2      | Killed from afar by Ijyb

Skill      XL: |  1  2  3 |
---------------+----------+-----
Dodging        | 2 |  2.4
Stealth        | 2 |  2.0
Fighting       | |  0.4
Unarmed Combat | |  0.6
Spellcasting   | |  2.3
Conjurations   | |  0.2
Poison Magic   | |  4.6

Action                   || total
-------------------------++-------
Melee: Unarmed           ||   158
       Tailslap          ||    11
 Cast: Sting             ||    61
  Use: Potion            ||     1
 Stab: Sleeping          ||     2
  Eat: Chunk             ||     5
Armor: Skin              ||    78
Dodge: Dodged            ||   141
